Map: Odyssey LE

Players

RotterdaM

  • Race: Protoss Protoss
  • League: Grandmaster
  • Spawn Location: 5:00

FightingFrog - Winner!

  • Race: Protoss Protoss
  • League: Grandmaster
  • Spawn Location: 11:00

VOD

Have the link to the VOD?

Description

Time

  • Played on: Dec. 14, 2017, 6 a.m.
  • Length: 10:27
Show
View Real Time Build Order
Export as new Build Order

RotterdaM Protoss 

Build Orders: Phoenix Opening, Mass Phoenix 

Get SALT Encoding   

  12  0:00  Probe  
  13  0:12  Probe  
  14  0:17  Pylon  
  14  0:24  Probe  
  15  0:37  Gateway, Probe (Chrono Boost)  
  16  0:43  Assimilator  
  16  0:49  Probe (Chrono Boost)  
  18  0:57  Probe (Chrono Boost)  
  18  1:00  Gateway  
  18  1:03  Probe  
  19  1:10  Assimilator  
  19  1:15  Probe  
  20  1:26  Cybernetics Core  
  20  1:28  Probe (Chrono Boost)  
  21  1:38  Probe (Chrono Boost), Pylon  
  22  1:42  Probe  
  23  2:02  Adept x2  
  23  2:05  Stargate  
  27  2:12  Probe  
  28  2:19  Shield Battery  
  28  2:27  Pylon  
  28  2:29  Adept  
  30  2:35  Probe  
  31  2:49  Phoenix (Chrono Boost)  
  33  3:04  Phoenix (Chrono Boost)  
  35  3:20  Phoenix (Chrono Boost)  
  35  3:37  Nexus  
  35  3:40  Pylon  
  33  3:44  Phoenix  
  33  3:47  Probe  
  36  3:50  Assimilator  
  36  3:57  Stargate  
  36  4:01  Probe  
  37  4:09  Phoenix (Chrono Boost)  
  39  4:13  Probe  
  40  4:26  Probe  
  43  4:34  Phoenix (Chrono Boost)  
  43  4:38  Probe  
  44  4:50  Probe  
  47  4:54  Phoenix (Chrono Boost), Probe  
  47  4:59  Phoenix (Chrono Boost)  
  50  5:02  Probe  
  50  5:06  Probe  
  52  5:11  Phoenix (Chrono Boost)  
  54  5:14  Probe  
  53  5:29  Probe  
  53  5:30  Probe  
  53  5:31  Assimilator  
  53  5:32  Phoenix (Chrono Boost)  
  57  5:37  Phoenix (Chrono Boost)  
  57  5:39  Pylon  
  57  5:41  Probe  
  57  5:42  Probe  
  59  5:53  Probe, Pylon  
  63  5:58  Phoenix (Chrono Boost)  
  63  6:00  Phoenix (Chrono Boost)  
  64  6:05  Probe  
  64  6:06  Probe  
  64  6:08  Pylon  
  68  6:21  Phoenix (Chrono Boost)  
  68  6:24  Phoenix (Chrono Boost)  
  68  6:25  Probe x2  
  72  6:36  Phoenix (Chrono Boost)  
  76  6:42  Probe x2  
  76  6:43  Phoenix (Chrono Boost)  
  74  6:51  Pylon  
  66  7:00  Phoenix (Chrono Boost)  
  64  7:03  Forge, Probe  
  64  7:07  Pylon  
  67  7:09  Phoenix (Chrono Boost), Pylon  
  67  7:20  Phoenix (Chrono Boost)  
  65  7:30  Phoenix (Chrono Boost)  
  59  7:42  Fleet Beacon  
  59  7:43  Pylon  
  55  7:46  Probe x2  
  55  7:48  Phoenix (Chrono Boost)  
  55  7:50  Nexus  
  59  7:55  Phoenix  
  61  8:01  Probe  
  61  8:02  Probe  
  61  8:03  Assimilator  
  63  8:11  Assimilator  
  63  8:14  Probe x2  
  63  8:17  Phoenix (Chrono Boost)  
  67  8:22  Phoenix (Chrono Boost)  
  69  8:28  Anion Pulse-Crystals (Chrono Boost)  
  69  8:47  Phoenix x2 (Chrono Boost)  
  61  9:00  Stargate  
  61  9:04  Probe  
  61  9:06  Probe x2  
  61  9:08  Phoenix (Chrono Boost)  
  66  9:16  Probe  
  67  9:18  Probe x2  
  67  9:22  Phoenix (Chrono Boost), Stargate  
  71  9:28  Phoenix (Chrono Boost)  
  71  9:30  Probe x2  
  75  9:33  Probe  
  76  9:41  Phoenix (Chrono Boost)  
  76  9:42  Probe  
  76  9:43  Probe  
  81  9:45  Probe  
  81  9:46  Phoenix  
  81  9:52  Phoenix  
  85  9:54  Probe  
  85  9:56  Probe  
Show
View Real Time Build Order
Export as new Build Order

FightingFrog Protoss - Winner!

Build Orders: Phoenix Opening 

Get SALT Encoding   

  12  0:02  Probe  
  13  0:14  Probe  
  14  0:17  Pylon  
  14  0:26  Probe  
  15  0:35  Gateway  
  15  0:38  Probe (Chrono Boost)  
  16  0:43  Assimilator  
  17  0:50  Probe (Chrono Boost)  
  18  0:57  Assimilator  
  18  0:58  Probe (Chrono Boost)  
  18  1:04  Probe  
  18  1:06  Pylon  
  19  1:16  Probe  
  20  1:25  Cybernetics Core  
  20  1:28  Probe  
  21  1:40  Probe  
  21  1:45  Pylon  
  22  1:52  Probe  
  23  2:01  Stalker  
  23  2:02  Warp Gate  
  23  2:06  Probe  
  26  2:10  Stargate  
  26  2:18  Probe  
  27  2:30  Probe  
  28  2:42  Nexus  
  27  2:53  Phoenix (Chrono Boost)  
  27  2:54  Probe  
  30  3:07  Probe  
  30  3:08  Phoenix (Chrono Boost)  
  33  3:19  Probe  
  33  3:31  Phoenix, Probe  
  34  3:44  Probe (Chrono Boost)  
  35  3:51  Assimilator  
  35  3:54  Probe (Chrono Boost)  
  37  3:56  Phoenix  
  40  4:04  Probe x2 (Chrono Boost)  
  40  4:05  Assimilator, Stargate  
  40  4:08  Probe (Chrono Boost)  
  42  4:13  Probe (Chrono Boost)  
  42  4:20  Probe (Chrono Boost)  
  42  4:21  Phoenix  
  42  4:24  Probe x2 (Chrono Boost)  
  47  4:27  Pylon  
  47  4:31  Probe  
  47  4:34  Probe  
  49  4:43  Pylon  
  49  4:44  Probe  
  50  4:49  Phoenix  
  51  4:54  Phoenix  
  51  4:58  Probe (Chrono Boost)  
  55  5:05  Probe (Chrono Boost)  
  56  5:09  Probe x2 (Chrono Boost)  
  56  5:12  Probe  
  58  5:14  Phoenix (Chrono Boost)  
  58  5:20  Probe  
  58  5:24  Probe  
  61  5:32  Probe  
  61  5:35  Phoenix (Chrono Boost)  
  64  5:36  Probe  
  64  5:39  Phoenix (Chrono Boost), Pylon  
  65  5:44  Probe  
  65  5:49  Probe  
  67  5:50  Phoenix  
  69  5:57  Phoenix (Chrono Boost)  
  71  6:04  Pylon  
  71  6:06  Fleet Beacon, Probe  
  71  6:10  Probe  
  73  6:12  Pylon  
  75  6:22  Phoenix (Chrono Boost)  
  75  6:24  Probe  
  78  6:25  Phoenix (Chrono Boost)  
  78  6:27  Probe  
  78  6:30  Pylon  
  79  6:37  Phoenix (Chrono Boost)  
  81  6:40  Probe x2  
  81  6:45  Phoenix (Chrono Boost)  
  61  7:02  Phoenix (Chrono Boost), Anion Pulse-Crystals (Chrono Boost)  
  61  7:07  Stalker  
  67  7:15  Phoenix (Chrono Boost)  
  67  7:16  Phoenix (Chrono Boost)  
  67  7:20  Nexus  
  69  7:24  Pylon  
  69  7:26  Probe  
  69  7:29  Probe  
  65  7:30  Phoenix  
  61  7:39  Probe  
  61  7:41  Probe  
  61  7:47  Phoenix  
  61  7:51  Probe  
  64  7:53  Probe  
  64  7:55  Phoenix  
  67  8:03  Probe  
  68  8:05  Assimilator  
  68  8:06  Probe (Chrono Boost)  
  68  8:10  Assimilator  
  69  8:12  Phoenix  
  69  8:14  Stargate  
  69  8:18  Probe (Chrono Boost)  
  73  8:20  Phoenix  
  73  8:25  Probe (Chrono Boost)  
  74  8:27  Probe x2  
  76  8:37  Probe  
  76  8:38  Phoenix (Chrono Boost)  
  76  8:39  Probe x2  
  76  8:40  Nexus  
  81  8:50  Probe  
  81  8:51  Probe x2  
  86  8:59  Phoenix (Chrono Boost)  
  86  9:02  Phoenix (Chrono Boost), Probe  
  89  9:05  Forge, Phoenix (Chrono Boost)  
  91  9:10  Robotics Facility  
  91  9:14  Phoenix  
  91  9:16  Sentry  
  95  9:17  Phoenix, Probe  
  98  9:27  Phoenix  
  98  9:30  Pylon  
  100  9:32  Pylon  
  100  9:36  Pylon  
  100  9:39  Phoenix  
  100  9:41  Adept  
  100  9:42  Phoenix  
  106  9:50  Photon Cannon  
  106  9:52  Photon Cannon  
  106  9:53  Photon Cannon  
  106  9:59  Observer  
  112  10:07  Photon Cannon  
  112  10:08  Probe (Chrono Boost)  
  112  10:14  Probe x2 (Chrono Boost)  
  112  10:15  Probe (Chrono Boost)  
  112  10:19  Probe (Chrono Boost)  
Tags
 
Add a new tag
Caveats
  • Supply blocks, unpowered buildings, or Contaminate may cause inaccurate times.
  • Supply counts are checked every 10 seconds.